 Dungeon Crawl Stone Soup version 0.25.1-9-gc5326a611f (webtiles) character file.

Game seed: 15689775154432393088

208 pokeman the Magician (level 5, -3/29 HPs)
             Began as a Deep Elf Wizard on Dec 24, 2020.
             Slain by Grinder (7 damage)
             ... while paralysed by Grinder
             ... on level 3 of the Dungeon.
             The game lasted 00:06:03 (3392 turns).

pokeman the Magician (Deep Elf Wizard)              Turns: 3392, Time: 00:06:04

Health: -3/29      AC:  3    Str:  4    XL:     5   Next: 55%
Magic:  8/15       EV:  2    Int: 24    God:
Gold:   72         SH:  0    Dex: 13    Spells: 4/16 levels left

rFire    + . .     SeeInvis .   l - -1 mace (curse)
rCold    x . .     Gourm    .   (no shield)
rNeg     . . .     Faith    .   a - +0 robe
rPois    .         Spirit   .   t - +0 helmet
rElec    .         Reflect  .   e - scarf {harm}
rCorr    .         Harm     +   (no gloves)
MR       .....                  (no boots)
Stlth    ++........             q - amulet of the acrobat
HPRegen  0.09/turn              v - ring of fire
MPRegen  0.14/turn              (no ring)

@: paralysed
A: no striking features
a: no special abilities


You were on level 3 of the Dungeon.
You were not hungry.

You visited 1 branch of the dungeon, and saw 3 of its levels.

You collected 72 gold pieces.

Inventory:

Hand Weapons
 c - a +3 quarterstaff of chaos
 l - a cursed -1 mace (weapon)
Missiles
 r - 18 arrows
 s - 22 bolts
Armour
 a - a +0 robe (worn)
 e - a scarf of harm (worn)
 t - a +0 helmet (worn)
Jewellery
 q - an amulet of the acrobat (around neck)
 v - a ring of fire (left hand)
Scrolls
 f - a scroll of fear {unknown}
 g - a scroll of magic mapping {unknown}
 h - a scroll of blinking {unknown}
 j - 3 scrolls of identify {unknown}
 k - 7 scrolls of teleportation {unknown}
 w - a scroll of immolation {unknown}
Potions
 b - a potion of curing
 i - a potion of brilliance {unknown}
 m - 3 potions of heal wounds {unknown}
 n - a potion of resistance {unknown}
 o - a potion of stabbing {unknown}
 u - a potion of haste {unknown}
Comestibles
 d - 6 rations
 p - 5 chunks of flesh


   Skills:
 - Level 1.1 Fighting
 - Level 1.1 Armour
 - Level 3.0 Dodging
 - Level 2.6 Stealth
 * Level 6.3 Spellcasting
 + Level 2.8 Conjurations
 - Level 1.1 Summonings
 - Level 1.1 Translocations
 + Level 0.0 Fire Magic
 - Level 1.0 Air Magic
 - Level 0.7 Poison Magic


You had 4 spell levels left.
You knew the following spells:

 Your Spells              Type           Power        Failure   Level  Hunger
a - Magic Dart            Conj           ###.         2%          1    None
b - Mephitic Cloud        Conj/Pois/Air  ###.....     12%         3    None
c - Call Imp              Summ           ##......     8%          2    None
d - Blink                 Tloc           N/A          8%          2    None
e - Conjure Flame         Conj/Fire      ###.....     13%         3    None
f - Apportation           Tloc           ##....       4%          1    None

Your spell library contained the following spells:

 Spells                   Type           Power        Failure   Level  Hunger
 Summon Small Mammal      Summ           ##..         4%          1    None
 Animate Skeleton         Necr           N/A          8%          1    None
 Corona                   Hex            #......      8%          1    None
 Slow                     Hex            #.......     12%         2    None


Dungeon Overview and Level Annotations

Branches:
Dungeon (3/15)

Altars:
Hepliaklqana
Uskayaw

Annotations:
D:3 Grinder


Message History

Aim: Grinder (severely wounded)
The magic dart hits Grinder but does no damage.
Grinder is severely wounded.
Casting: Magic Dart (safe; 2% risk of failure)
Confirm with . or Enter, or press ? or * to list all spells.
Aiming: Magic Dart (safe; 2% risk of failure)
Press: ? - help, Shift-Dir - straight line, f/p - Grinder
Aim: Grinder (severely wounded)
The magic dart hits Grinder but does no damage.
Grinder is severely wounded.
Unknown command.
Grinder gestures at you.
You suddenly lose the ability to move!
Grinder says, "There's only one good use for a tongue: cutting it out."
Grinder hits you!
* * * LOW HITPOINT WARNING * * *
You writhe in agony.
* * * LOW HITPOINT WARNING * * *
Grinder hits you.
You die...

#.# #.# ..###.# #.#
#.# #.# #.# #.# #.#
#.# #.# #.# #.# #.#
#.# #.# #.#
#####.###.# #.# ##.#
#.........# ##.##
#..# #.###.#####
....############5##
#.# #.#
..............##@#
#.# #.#
#...#########.##.#
#.# #.# ##.##
####...#.######.# #.#
### #....#..........#
#.#
#####.##...#.########
#.# #.....###.##.#
#.# #.#######.##.#
#.# ..##.##.#
#####.#.##.##.##.#


You could see Grinder.

Vanquished Creatures
  A crimson imp (D:2)
  Crazy Yiuf (D:2)
  Jessica (D:2)
  Robin (D:3)
  2 adders (D:3)
  2 dart slugs (D:1)
  2 leopard geckos
  2 ball pythons (D:2)
  5 giant cockroaches
  17 goblins
  14 hobgoblins
  8 jackals
  7 kobolds
  4 bats (D:1)
  5 frilled lizards
  5 rats
77 creatures vanquished.

Vanquished Creatures (collateral kills)
  A hobgoblin (D:3)
1 creature vanquished.

Grand Total: 78 creatures vanquished

Notes
Turn   | Place    | Note
-------+----------+-------------------------------------------
     0 | D:1      | pokeman the Deep Elf Wizard began the quest for the Orb.
     0 | D:1      | Reached XP level 1. HP: 10/10 MP: 7/7
   280 | D:1      | Reached XP level 2. HP: 16/16 MP: 7/9
   793 | D:1      | Reached skill level 5 in Spellcasting
   898 | D:1      | Reached XP level 3. HP: 20/20 MP: 5/11
   903 | D:1      | Learned a level 3 spell: Mephitic Cloud
   906 | D:1      | Learned a level 2 spell: Call Imp
   909 | D:1      | Learned a level 2 spell: Blink
   913 | D:1      | Learned a level 3 spell: Conjure Flame
  1231 | D:2      | Learned a level 1 spell: Apportation
  1334 | D:2      | Reached skill level 1 in Fighting
  1334 | D:2      | Reached skill level 1 in Armour
  1334 | D:2      | Reached XP level 4. HP: 25/25 MP: 5/13
  1457 | D:2      | Noticed Jessica
  1463 | D:2      | Killed Jessica
  1743 | D:2      | Found a hide-covered altar of Uskayaw.
  2283 | D:2      | Found a runed translucent door.
  2284 | D:2      | Noticed Crazy Yiuf
  2375 | D:2      | Killed Crazy Yiuf
  2375 | D:2      | Reached skill level 6 in Spellcasting
  2375 | D:2      | Reached skill level 1 in Air Magic
  2375 | D:2      | Reached XP level 5. HP: 11/29 MP: 1/15
  2739 | D:3      | Noticed Robin
  2785 | D:3      | Killed Robin
  3303 | D:3      | Found a hazy altar of Hepliaklqana.
  3369 | D:3      | Noticed Grinder
  3389 | D:3      | Paralysed by Grinder for 6 turns
  3392 | D:3      | Slain by Grinder

Illustrated notes

Levels and vault maps discovered:
D:1:      onia_arrival_mini_spirals, layout_rooms, serial_forest,
          infiniplex_forest_clump_small, infiniplex_forest_straight_5,
          infiniplex_forest_lined_corner, infiniplex_forest_clump_tiny,
          infiniplex_forest_zigzag_2, infiniplex_forest_clump_long,
          minmay_crystal_room
D:2:      layout_basic, nicolae_overflow_hidden_temple, first_ration,
          serial_curves, eino_curves_04, eino_curves_02,
          uniq_crazy_yiuf_cottage, uniq_jessica
D:3:      layout_loops_ring, marbit_many_paths, uniq_grinder, uniq_robin

Skill      XL: |  1  2  3  4  5 |
---------------+----------------+-----
Spellcasting   | 5 6 |  6.3
Fighting       | 1 |  1.1
Armour         | 1 |  1.1
Conjurations   | 2 |  2.8
Air Magic      | 1 |  1.0
Dodging        | 3 |  3.0
Stealth        | |  2.6
Summonings     | |  1.1
Translocations | |  1.1
Poison Magic   | |  0.7

Action                   |  1- 3 |  4- 6 || total
-------------------------+-------+-------++-------
Melee: Unarmed           |    22 |       ||    22
       Mace              |       |    15 ||    15
 Cast: Magic Dart        |    75 |   106 ||   181
       Mephitic Cloud    |       |     2 ||     2
       Call Imp          |       |     1 ||     1
  Use: Potion            |       |     2 ||     2
 Stab: Confused          |       |     1 ||     1
  Eat: Chunk             |     1 |     6 ||     7
Armor: Robe              |     5 |     3 ||     8
Dodge: Dodged            |    25 |    18 ||    43
